 Dungeon Crawl Stone Soup version 0.31-a0-544-gceb718ecc6 (webtiles) character file.

Game seed: 8023736355258147511

1694 dialectric the Grappler (level 8, -1/66 HPs)
             Began as a Minotaur Shapeshifter on Aug 16, 2023.
             Slain by a centaur (4 damage)
             ... on level 6 of the Dungeon.
             The game lasted 00:06:44 (5133 turns).

dialectric the Grappler (Minotaur Shapeshifter)     Turns: 5133, Time: 00:06:45

Health: -1/66      AC:  6    Str: 21    XL:     8   Next: 72%
Magic:  7/7        EV: 11    Int:  5    God:
Gold:   263        SH:  0    Dex: 12    Spells: 7/7 levels left

rFire   . .          .
                       - Unarmed
rCold   + . .        (no shield)
rNeg    + . .        y - +1 ring mail {rC+}
rPois   .            (helmet currently unavailable)
rElec   .            (cloak currently unavailable)
rCorr   .            (gloves currently unavailable)
SInv    .            (boots currently unavailable)
Will    .....        (no amulet)
Stlth   +            z - ring of positive energy
HPRegen 0.31/turn    (no ring)
MPRegen 0.10/turn

%: no passive effects
@: beast-form
A: beast (slay +2), horns 2, retaliatory headbutt
a: Begin Untransformation


You were on level 6 of the Dungeon.
You were a hulking beast.
You visited 1 branch of the dungeon, and saw 6 of its levels.
You also visited: Sewer.

You collected 263 gold pieces.

Inventory:

Missiles
 q - 21 poisoned darts (quivered)
Armour
 a - a +0 animal skin
 g - a +0 plate armour
 n - a +1 buckler of reflection
 o - a +0 cloak
 t - a +2 pair of boots
 v - a +0 pair of gloves
 y - a +1 ring mail of cold resistance (worn)
Jewellery
 j - a ring of wizardry
 z - a ring of positive energy (left hand)
Talismans
 c - a beast talisman (active)
 d - a flux talisman
 m - a beast talisman (active)
Wands
 x - a wand of polymorph (8)
 A - a wand of digging (3)
Scrolls
 f - a scroll of fear
 h - a scroll of amnesia
 w - a scroll of enchant weapon
 B - a scroll of fog {unknown}
 C - a scroll of identify
Potions
 b - 2 potions of lignification
 e - 2 potions of might {unknown}
 i - a potion of curing
 k - 3 potions of haste
 l - 2 potions of brilliance {unknown}
 s - a potion of magic
 u - 2 potions of berserk rage {unknown}


   Skills:
 * Level 4.2 Fighting
 * Level 4.3 Armour
 - Level 2.2 Dodging
 * Level 10.8 Unarmed Combat
 - Level 3.2 Shapeshifting


You had 7 spell levels left.
You didn't know any spells.
Your spell library contained the following spells:

 Spells                   Type           Power      Damage    Failure   Level
 Necrotise                Necr           0%         1d4       63%         1
 Ozocubu's Armour         Ice            0%         N/A       94%         3
 Portal Projectile        Hex/Tloc       0%         N/A       94%         3
 Tukima's Dance           Hex            0%         N/A       94%         3
 Vampiric Draining        Necr           0%         2d6       94%         3
 Iskenderun's Mystic Bla  Conj/Tloc      0%         2d3       100%        4
 Agony                    Necr           0%         N/A       100%        5
 Iskenderun's Battlesphe  Conj           0%         2d6       100%        5
 Leda's Unmaking          Conj/Erth      0%         9d1       100%        6
 Ozocubu's Refrigeration  Ice            0%         4d7       100%        7
 Spellforged Servitor     Conj/Summ      0%         N/A       100%        7


Dungeon Overview and Level Annotations

Branches:
Dungeon (6/15)             Temple (0/1) D:5           Sewer (visited)

Altars:
Kikubaaqudgha
Okawaru
Xom
Yredelemnul


Innate Abilities, Weirdness & Mutations

You are a hulking beast.
Your limbs bulge with bestial killing power. (Slay +2)
You have a pair of horns on your head.
You reflexively headbutt those who attack you in melee.


Message History

The centaur shouts!
The centaur wields a +0 orcbow.
The centaur shoots an arrow.
The arrow hits you!
The centaur shoots an arrow.
The arrow hits you!
You see here 8 gold pieces.
The centaur shoots an arrow.
The arrow hits you.
A centaur is nearby!
A centaur is nearby!
An iguana comes into view.
The iguana hisses angrily.
The centaur shoots an arrow.
The arrow hits you!
There are monsters nearby!
You are too injured to fight recklessly!
There are monsters nearby!
You are too injured to fight recklessly!
You are too injured to fight recklessly!
You are too injured to fight recklessly!
You are too injured to fight recklessly!
The centaur shoots an arrow.
The arrow hits you!
The centaur shoots an arrow.
The arrow barely misses you.
The centaur shoots an arrow.
The arrow hits you!
* * * LOW HITPOINT WARNING * * *
Found a scroll of teleportation.
The centaur unwields a +0 orcbow.
The centaur hits you.
* * * LOW HITPOINT WARNING * * *
The centaur kicks you but does no damage.
The iguana misses you. You furiously retaliate!
You headbutt the iguana! You hit the iguana but do no damage.
Your punch misses the iguana.
The iguana is severely wounded.
The centaur closely misses you. You furiously retaliate!
You headbutt the centaur! The centaur barely misses you. The iguana bites you!
* * * LOW HITPOINT WARNING * * *
You barely miss the centaur.
The centaur is moderately wounded.
The centaur hits you.
* * * LOW HITPOINT WARNING * * *
The centaur completely misses you. The iguana misses you.
You hit the centaur but do no damage. You headbutt the centaur.
The centaur is heavily wounded.
The centaur hits you.
You die...

## ## ## .## ##.##.
##..# #.....###...##
#.......#....##
..............#
......l.......#
......ch......## ######
.......#.......###.##.##
?............#.........#
#............#.........#
#...........$...........
#.............†........#
..##..................##
#...##................##
.. ##...##..........#.


You could see a centaur and an iguana.

Vanquished Creatures
  Duvessa (D:5)
  A sky beast (D:6)
  2 black bears (D:5)
  2 ogres (D:5)
  2 phantoms (D:5)
  3 kobold brigands (Sewer)
  2 gnoll sergeants (D:5)
  3 scorpions (D:4)
  Dowan (D:5)
  An orc priest (D:4)
  A sleepcap (D:5)
  Terence (D:3)
  3 iguanas
  2 orc wizards (D:3)
  Robin (D:3)
  7 gnolls (D:5)
  5 adders
  A shadow imp (D:5)
  2 worms
  A dart slug (D:3)
  11 orcs
  8 endoplasms
  5 giant cockroaches
  7 hobgoblins
  6 jackals (D:1)
  13 kobolds
  2 quokkas
  9 ball pythons
  9 bats
  7 frilled lizards
  15 goblins
  6 rats
140 creatures vanquished.

Vanquished Creatures (others)
  A goblin (D:3)
1 creature vanquished.

Grand Total: 141 creatures vanquished

Notes
Turn   | Place    | Note
-------+----------+-------------------------------------------
     0 | D:1      | dialectric the Minotaur Shapeshifter began the quest for
                  | the Orb.
     0 | D:1      | Reached XP level 1. HP: 16/16 MP: 0/0
   150 | D:1      | Reached XP level 2. HP: 23/23 MP: 1/1
   196 | D:1      | Reached skill level 4 in Unarmed Combat
   731 | D:2      | Reached XP level 3. HP: 27/28 MP: 2/2
  1352 | D:3      | Found a glowing drain.
  1357 | D:3      | Noticed Robin
  1360 | Sewer    | Entered a sewer
  1379 | Sewer    | Noticed a kobold brigand
  1384 | Sewer    | Killed a kobold brigand
  1385 | Sewer    | Reached skill level 5 in Unarmed Combat
  1385 | Sewer    | Reached XP level 4. HP: 17/35 MP: 3/3
  1604 | Sewer    | Reached XP level 5. HP: 41/41 MP: 4/4
  1758 | Sewer    | Reached skill level 6 in Unarmed Combat
  1758 | Sewer    | Reached XP level 6. HP: 42/48 MP: 5/5
  1866 | D:3      | Killed Robin
  2700 | D:3      | Reached skill level 7 in Unarmed Combat
  2855 | D:3      | Noticed Terence
  2863 | D:3      | Killed Terence
  3166 | D:4      | Reached XP level 7. HP: 56/56 MP: 6/6
  3179 | D:4      | Reached skill level 1 in Armour
  3218 | D:4      | Reached skill level 8 in Unarmed Combat
  3230 | D:4      | Found a shimmering altar of Xom.
  3611 | D:4      | Found an iron altar of Okawaru.
  3611 | D:4      | Found an ancient bone altar of Kikubaaqudgha.
  3737 | D:5      | Entered Level 5 of the Dungeon
  3780 | D:5      | Reached skill level 9 in Unarmed Combat
  3840 | D:5      | Found a basalt altar of Yredelemnul.
  3850 | D:5      | Found a staircase to the Ecumenical Temple.
  3906 | D:5      | Reached XP level 8. HP: 64/64 MP: 7/7
  4351 | D:5      | Reached skill level 10 in Unarmed Combat
  4870 | D:6      | Noticed Dowan
  4871 | D:6      | Noticed Duvessa
  4887 | D:5      | Killed Duvessa
  4897 | D:5      | Killed Dowan
  5132 | D:6      | HP: 3/66 [centaur (3)]
  5133 | D:6      | Slain by a centaur

Illustrated notes

Levels and vault maps discovered:
D:1:      psy_arrival_conway, layout_rooms
D:2:      layout_loops_cross, minmay_misc_feat_columns, minmay_misc_feat_alley
D:3:      layout_basic, serial_curves, eino_curves_04, eino_curves_04,
          eino_curves_03, eino_curves_01, portal_sewer_entry_f, minmay_ruptured,
          uniq_robin, uniq_terence
D:4:      layout_loops_ring, gammafunk_temple_overflow_elements,
          xom_redecorated, enter_ossuary_2, minmay_misc_feat_diagonals
D:5:      layout_gridville, kennysheep_little_box, minmay_temple_entry_trees
D:6:      layout_cave_pools, dreamdust_wishing_well, serial_bayou_pond_d,
          nicolae_specific_store, amcnicky_mini_pool_medium, uniq_duvessa,
          uniq_maggie

Skill      XL: |  1  2  3  4  5  6  7  8 |
---------------+-------------------------+-----
Unarmed Combat | 4 5 6 7 9 10 | 10.8
Shapeshifting  | 3 |  3.2
Fighting       | 2 3 4 |  4.2
Armour         | 2 4 |  4.3
Dodging        | |  2.2

Action                     |  1- 3 |  4- 6 |  7- 9 || total
---------------------------+-------+-------+-------++-------
  Melee: Unarmed           |    77 |   107 |   108 ||   292
         Headbutt          |     7 |    20 |    22 ||    49
         Punch             |     1 |     3 |     8 ||    12
  Throw: Dart              |       |       |     2 ||     2
  Evoke: Wand              |       |       |     1 ||     1
    Use: Potion            |       |     1 |     2 ||     3
         Scroll            |       |       |    10 ||    10
   Stab: Sleeping          |     1 |       |       ||     1
 Armour: Animal skin       |    19 |    12 |       ||    31
         Ring mail         |       |     5 |    27 ||    32
  Dodge: Dodged            |    37 |    61 |    69 ||   167

Table legend: (Time is in decaauts)
 A = Elapsed time spent in this place.
 B = Non-inter-level travel time spent in this place.
 C = Inter-level travel time spent in this place.
 D = Time resting spent in this place.
 E = Time spent auto-exploring this place.
 F = Levels seen in this place.
 G = Mean time per level.
                   A        B        C        D        E       F      G
               +--------+--------+--------+--------+--------+-----+--------+
         Total |   5130 |   5003 |    127 |    366 |   3646 |   7 |  732.9 |
       Dungeon |   4644 |   4517 |    127 |    363 |   3291 |   6 |  774.0 |
         Sewer |    485 |    485 |      0 |      3 |    355 |   1 |  485.0 |
               +--------+--------+--------+--------+--------+-----+--------+

Top non-repeatable levels by time:
     D:5: 1287 daAuts
     D:3: 1189 daAuts
     D:4: 773 daAuts
     D:1: 681 daAuts
     D:2: 620 daAuts
   Sewer: 485 daAuts
     D:6: 92 daAuts
